 Dungeon Crawl Stone Soup version 0.20-a0-277-g7db01f4 (webtiles) character file.

179 HarryHood the Cudgeler (level 5, 0/32 HPs)
             Began as a Gargoyle Berserker on Dec 11, 2016.
             Was a Believer of Trog.
             Slain by Pikel
             ... wielding a +1 whip of electrocution
              (2 damage)
             ... on level 4 of the Dungeon on Dec 13, 2016.
             The game lasted 00:08:45 (2963 turns).

HarryHood the Cudgeler (Gargoyle Berserker)         Turns: 2963, Time: 00:08:46

Health: 0/32       AC: 12    Str: 21    XL:     5   Next: 59%
Magic:  5/5        EV: 10    Int:  7    God:    Trog [**....]
Gold:   190        SH:  0    Dex: 10    Spells: 4/4 levels left

rFire  + . .     SeeInvis .     a - +0 mace
rCold  . . .     Gourm    .     n - +2 scale mail {rF+}
rNeg   + . .     Faith    .     (no shield)
rPois  ∞         Spirit   .     (no helmet)
rElec  +         Reflect  .     (no cloak)
rCorr  .         Harm     .     (no gloves)
MR     .....                    (no boots)
Stlth  ..........               (no amulet)
                                (no ring)
                                (no ring)

@: exhausted, slowed, very slow
A: negative energy resistance 1, electricity resistance, unbreathing,
petrification resistance, rot immunity, AC +4
a: Berserk, Trog's Hand, Burn Spellbooks, Renounce Religion


You were on level 4 of the Dungeon.
You worshipped Trog.
Trog was pleased with you.
You were hungry.

You visited 1 branch of the dungeon, and saw 4 of its levels.

You collected 190 gold pieces.

Inventory:

Hand Weapons
 a - a +0 mace (weapon)
Armour
 n - a +2 scale mail of fire resistance (worn)
Scrolls
 e - 3 scrolls of remove curse
Potions
 b - a potion of lignification {unknown}
 d - a potion of heal wounds {unknown}
 f - a potion of might {unknown}
 g - a potion of agility {unknown}
 h - a potion of curing {unknown}
 l - a potion of brilliance {unknown}
 m - a potion of cancellation {unknown}
Comestibles
 c - 3 bread rations
 i - 3 fruits
 j - 3 meat rations
 k - 2 chunks of flesh


   Skills:
 * Level 3.4 Fighting
 - Level 6.0 Maces & Flails
 - Level 2.1 Armour
 - Level 1.5 Dodging


You had 4 spell levels left.
You didn't know any spells.

Dungeon Overview and Level Annotations

Branches:
Dungeon (4/15)
 Temple: D:4-7

Altars:

Annotations:
D:4 Pikel


Innate Abilities, Weirdness & Mutations

You are resistant to torment.
Your stone body is resilient. (AC +4)
You are immune to poison.
You resist negative energy. (rN+)
You are resistant to electric shocks. (rElec)
You can survive without breathing.
You are immune to petrification.
You are immune to rotting.


Message History

* * * LOW HITPOINT WARNING * * *
The jackal closely misses you.
You barely miss Pikel.
Pikel is severely wounded.
You are no longer berserk.
You are exhausted.
You feel yourself slow down.
The jackal bites you but does no damage.
The slave barely misses you. The jackal closely misses you.
Pikel hits you but does no damage. The jackal closely misses you.
The slave closely misses you. The slave hits you.
* * * LOW HITPOINT WARNING * * *
The slave closely misses you.
You thump Pikel!
Pikel is almost dead.
The jackal barely misses you. The jackal misses you.
The jackal bites you but does no damage.
The slave closely misses you.
Pikel hits you with a whip of electrocution.
You die...

#.. #..# #...# #.#..####
###.......###### ##
...............###### ##.
.........######.....###..
.......hhh#########......
......hp@p....# #####..
.......pKp....# ##.
#.......a.....# #.
..............# ##
.......>......# #
.............## ###
.............# ##.### #
............# #....####
##......##


You could see Pikel, 4 slaves, a worker ant and 4 jackals.

Vanquished Creatures
  A hound skeleton (D:3)
  8 adders
  An ooze (D:3)
  2 worms (D:2)
  2 dart slugs (D:1)
  4 orcs (D:3)
  2 ball pythons (D:1)
  7 giant cockroaches
  5 goblins
  8 hobgoblins
  13 jackals
  6 bats
  5 frilled lizards
  5 kobolds
  6 rats
75 creatures vanquished.

Notes
Turn   | Place    | Note
-------+----------+-------------------------------------------
     0 | D:1      | HarryHood the Gargoyle Berserker began the quest for the Orb.
     0 | D:1      | Reached XP level 1. HP: 14/14 MP: 1/1
   209 | D:1      | Reached XP level 2. HP: 19/19 MP: 2/2
   370 | D:1      | Reached skill level 4 in Maces & Flails
   496 | D:1      | Reached XP level 3. HP: 23/23 MP: 3/3
  1068 | D:2      | Reached ** piety under Trog
  1121 | D:2      | Reached XP level 4. HP: 7/28 MP: 4/4
  1517 | D:2      | Reached skill level 5 in Maces & Flails
  1792 | D:2      | Reached XP level 5. HP: 28/32 MP: 5/5
  2504 | D:3      | Reached skill level 6 in Maces & Flails
  2941 | D:4      | Noticed a slave
  2942 | D:4      | Noticed Pikel
  2942 | D:4      | Noticed a slave
  2942 | D:4      | Noticed a slave
  2943 | D:4      | Noticed a slave
  2963 | D:4      | Slain by Pikel

Vault maps used:
D:1:      dpeg_arrival_signposts, minmay_close_crescents
D:2:      first_bread
D:3:      dk_noncrumbling_3
D:4:      minmay_goblin_outpost, uniq_pikel, uniq_natasha

Skill      XL: |  1  2  3  4  5 |
---------------+----------------+-----
Maces & Flails | 4 5 6 |  6.0
Fighting       | |  3.4
Armour         | |  2.1
Dodging        | |  1.5

Action                   |  1- 3 |  4- 6 || total
-------------------------+-------+-------++-------
Melee: Mace              |   133 |   164 ||   297
Invok: Berserk           |       |     1 ||     1
  Use: Scroll            |     2 |       ||     2
 Stab: Sleeping          |     1 |       ||     1
  Eat: Chunk             |     1 |     6 ||     7
Armor: Animal skin       |    61 |    25 ||    86
       Scale mail        |       |    66 ||    66
       Leather armour    |       |    16 ||    16
Dodge: Dodged            |   115 |   147 ||   262
